 Dungeon Crawl Stone Soup version 0.28.0-47-ge53b351184 (webtiles) character file.

Game seed: 17911194237981707201

5 DildoBatman the Conjurer (level 1, 0/13 HPs)
             Began as a Formicid Conjurer on Apr 30, 2022.
             Slain by a giant cockroach (2 damage)
             ... on level 1 of the Dungeon.
             The game lasted 00:00:43 (149 turns).

DildoBatman the Conjurer (Formicid Conjurer)         Turns: 149, Time: 00:00:44

Health: 0/13       AC:  2    Str: 11    XL:     1   Next: 88%
Magic:  0/3        EV: 12    Int: 17    God:
Gold:   0          SH:  0    Dex:  9    Spells: 3/4 levels left

rFire   . . .      SeeInvis +   b - +0 club
rCold   . . .      Faith    .   (no shield)
rNeg    . . .      Spirit   .   a - +0 robe
rPois   .          Reflect  .   (helmet unavailable)
rElec   .          Harm     .   (no cloak)
rCorr   .          Rampage  .   (no gloves)
Will    .....                   (no boots)
Stlth   ++........              (no amulet)
HPRegen 0.04/turn               (no ring)
MPRegen 0.08/turn               (no ring)

@: very slightly contaminated
A: permanent stasis, dig shafts and tunnels, antennae 3, four strong arms
a: Dig, Shaft Self


You were on level 1 of the Dungeon.
You visited 1 branch of the dungeon, and saw 1 of its levels.

Inventory:

Hand Weapons
 b - a +0 club (weapon)
Armour
 a - a +0 robe (worn)


   Skills:
 - Level 1.7 Dodging
 - Level 2.4 Stealth
 - Level 2.1 Spellcasting
 * Level 3.9 Conjurations


You had 3 spell levels left.
You knew the following spells:

 Your Spells              Type           Power      Damage    Failure   Level
c - Magic Dart            Conj           60%        1d6       3%          1

Your spell library contained the following spells:

 Spells                   Type           Power      Damage    Failure   Level
 Searing Ray              Conj           30%        2d5       6%          2
 Dazzling Flash           Conj/Hex       16%        N/A       26%         3
 Fulminant Prism          Conj/Hex       4%         3d6       63%         4
 Iskenderun's Mystic Bla  Conj/Tloc      8%         2d4       63%         4


Dungeon Overview and Level Annotations

Branches:
Dungeon (1/15)

Altars:


Innate Abilities, Weirdness & Mutations

You cannot be hasted, slowed, berserked, paralysed or teleported.
You can dig through walls and to a lower floor.
You have a pair of large antennae on your head. (SInv)
Your four strong arms can wield two-handed weapons with a shield.


Message History

The endoplasm hits you.
A hobgoblin comes into view.
The hobgoblin shouts!
You hear a shout!
A hobgoblin comes into view.
Found a scroll labelled NAOTTO IPYNIEDGH.
The hobgoblin shouts!
A giant cockroach comes into view.
The endoplasm jiggles.
A bat comes into view.
The endoplasm barely misses you. The hobgoblin barely misses you.
The giant cockroach bites you but does no damage.
The giant cockroach barely misses you. The bat closely misses you.
The giant cockroach closely misses you. The bat barely misses you.
The bat hits you but does no damage. The bat closely misses you.
Unknown command.
Casting: Magic Dart (safe; 3% risk of failure)
Confirm with . or Enter, or press ? or * to list all spells.
Aiming: Magic Dart (safe; 3% risk of failure)
Press: ? - help, Shift-Dir - straight line, f/p - endoplasm
Aim: an endoplasm (heavily wounded, 100% to hit)
You miscast Magic Dart.
You are very lightly contaminated with residual magic.
Nothing appears to happen.
The giant cockroach barely misses you.
Casting: Magic Dart (safe; 3% risk of failure)
Confirm with . or Enter, or press ? or * to list all spells.
Aiming: Magic Dart (safe; 3% risk of failure)
Press: ? - help, Shift-Dir - straight line, f/p - endoplasm
Aim: an endoplasm (heavily wounded, 100% to hit)
You miscast Magic Dart.
Nothing appears to happen.
The giant cockroach bites you but does no damage.
You closely miss the giant cockroach. The giant cockroach bites you.
You die...

#..........#
#..........#
#..........# ##
#{.....g...## #.##
##g#######..###...
#J.# ##..# #.#
#b## ##.# #.. #B#
#.# ##. #@# #.# #.
#..# #.####† #.##
#g..... ..
#...####. ...
.....#.##... ....
{ ...{........
..... ..g..[..†...
......
............
............


You could see an endoplasm, a giant cockroach, a hobgoblin and a bat.

Vanquished Creatures
  A goblin (D:1)
  A jackal (D:1)
  A ball python (D:1)
  A frilled lizard (D:1)
  2 rats (D:1)
6 creatures vanquished.

Notes
Turn   | Place    | Note
-------+----------+-------------------------------------------
     0 | D:1      | DildoBatman the Formicid Conjurer began the quest for the
                  | Orb.
     0 | D:1      | Reached XP level 1. HP: 13/13 MP: 3/3
   149 | D:1      | Slain by a giant cockroach

Illustrated notes

Levels and vault maps discovered:
D:1:      dpeg_arrival_erosion, layout_rooms, hellmonk_ecumenical_altar_blasted,
          st_stairs_3, hangedman_glass_teeth

Action                   || total
-------------------------++-------
Melee: Club              ||     6
 Cast: Magic Dart        ||     9
Armor: Robe              ||     3
Dodge: Dodged            ||    13
